 Dungeon Crawl Stone Soup version 0.30.0-5-g1a98f26d00 (webtiles) character file.

Game seed: 2069460259277260470

93 SnakkuSnakku7 the Changer (level 4, -5/31 HPs)
             Began as a Deep Elf Transmuter on May 10, 2023.
             Slain by an iguana (9 damage)
             ... on level 4 of the Dungeon.
             The game lasted 00:03:51 (1409 turns).

SnakkuSnakku7 the Changer (Deep Elf Transmuter)     Turns: 1409, Time: 00:03:52

Health: -5/31      AC: 25    Str:  6    XL:     4   Next: 36%
Magic:  10/10      EV:  2    Int: 24    God:
Gold:   36         SH:  0    Dex: 14    Spells: 5/9 levels left

rFire   + . .        a - +8 lance "Wyrmbane" {slay drac, rPois rF+ rC+ AC+3}
rCold   + . .        (no shield)
rNeg    . . .        m - melded +0 robe
rPois   +            e - melded +0 helmet
rElec   .            (cloak currently unavailable)
rCorr   .            (gloves currently unavailable)
SInv    .            (boots currently unavailable)
Will    .....        (no amulet)
Stlth   +            (no ring)
HPRegen 0.25/turn    (no ring)
MPRegen 0.12/turn

%: no passive effects
@: brilliant, tree-form
A: stationary, stasis, torment immunity, boosted hp, clever 1, frail 1
a: no special abilities


You were on level 4 of the Dungeon.
You were a tree.
You visited 1 branch of the dungeon, and saw 5 of its levels.

You collected 36 gold pieces.

Inventory:

Hand Weapons
 a - the +8 lance "Wyrmbane" (weapon) {slay drac, rPois rF+ rC+ AC+3}
   (You found it on level 5 of the Dungeon)

   AC:        It affects your AC (+3).
   rF:        It protects you from fire.
   rC:        It protects you from cold.
   rPois:     It protects you from poison.
Missiles
 l - 3 poisoned darts
Armour
 e - a +0 helmet (melded)
 m - a +0 robe (melded)
Scrolls
 c - a scroll of noise {unknown}
 g - 3 scrolls of identify {unknown}
 i - a scroll of immolation {unknown}
 k - a scroll of fog {unknown}
Potions
 f - a potion of brilliance
 j - a potion of cancellation {unknown}
 n - a potion of heal wounds {unknown}


   Skills:
 + Level 0.7 Fighting
 + Level 1.1 Polearms
 - Level 2.4 Dodging
 - Level 3.2 Unarmed Combat
 - Level 3.0 Spellcasting
 - Level 3.4 Transmutations
 - Level 0.6 Poison Magic


You had 5 spell levels left.
You knew the following spells:

 Your Spells              Type           Power      Damage    Failure   Level
a - Beastly Appendage     Tmut           60%        N/A       2%          1
b - Spider Form           Tmut/Pois      20%        N/A       14%         3

Your spell library contained the following spells:

 Spells                   Type           Power      Damage    Failure   Level
 Wereblood                Tmut           30%        N/A       4%          2
 Ice Form                 Ice/Tmut       17%        N/A       47%         4


Dungeon Overview and Level Annotations

Branches:
Dungeon (5/15)
 Temple: D:4-7

Altars:

Annotations:
D:2 Sigmund


Innate Abilities, Weirdness & Mutations

You are a tree.
Your roots penetrate the ground, keeping you stationary.
You cannot be teleported.
You are immune to unholy pain and torment.
Your maximum health is greatly increased.
Your equipment is partially melded.
Your mind is acute. (Int +4, Str/Dex -1)
You are frail. (-10% HP)


Message History

The ball python grabs you. The ball python constricts you.
The ball python's grasp on you weakens, but your attempt to escape fails.
The ball python barely misses you. The ball python constricts you.
The ball python's grasp on you weakens, but your attempt to escape fails.
The ball python bites you but does no damage.
The ball python constricts you.
You escape the ball python's grasp.
The ball python attacks as you move away!
The ball python bites you but does no damage.
The ball python barely misses you. The iguana bites you!
Ouch! That really hurt!
The iguana attacks as you move away! The iguana bites you!
* * * LOW HITPOINT WARNING * * *
The ball python attacks as you move away!
The ball python bites you but does no damage.
The ball python barely misses you.
There is an open door here.
It was a potion of brilliance.
You feel clever all of a sudden. The ball python barely misses you.
The ball python closely misses you.
It was a potion of curing.
You feel better. The ball python closely misses you. The ball python grabs you.
The ball python constricts you. The ball python closely misses you.
The ball python constricts you.
It was a potion of mutation.
You feel extremely strange.
You feel clever.
You feel frail. The ball python bites you. The ball python constricts you.
Really quaff the potion of lignification?
You turn into a tree.
Your +0 helmet melds into your body.
Your +0 robe melds into your body.
Your roots penetrate the ground.
The ball python bites you but does no damage.
The ball python constricts you.
Unknown command.
You puncture the ball python!
You kill the ball python!
You hit the iguana but do no damage. The iguana bites you!
* * * LOW HITPOINT WARNING * * *
You puncture the iguana!
The iguana is heavily wounded.
The iguana bites you!
You die...

............#
............# ......
...)........#.......
............#......
............# ....
............# ...
........l...# #.# #
##########l####.####.###
#...♣..............
#..................
#..................
#..##...##...##....
.###..##††.##...# ...
...........#.....g
...........+........
...........#.........
#####################


You could see an iguana.

Vanquished Creatures
  A hound (D:4)
  An adder (D:5)
  A worm (D:2)
  A dart slug (D:1)
  4 ball pythons
  8 endoplasms
  2 giant cockroaches (D:1)
  6 goblins
  5 hobgoblins
  2 jackals (D:1)
  3 kobolds
  2 quokkas
  4 bats
  3 rats (D:1)
43 creatures vanquished.

Notes
Turn   | Place    | Note
-------+----------+-------------------------------------------
     0 | D:1      | SnakkuSnakku7 the Deep Elf Transmuter began the quest for
                  | the Orb.
     0 | D:1      | Reached XP level 1. HP: 11/11 MP: 6/6
   250 | D:1      | Reached XP level 2. HP: 16/16 MP: 8/8
   768 | D:1      | Reached XP level 3. HP: 16/20 MP: 7/9
   778 | D:1      | Learned a level 3 spell: Spider Form
  1221 | D:2      | Noticed Sigmund
  1302 | D:3      | You fall into a shaft and drop 2 floors!
  1302 | D:5      | Entered Level 5 of the Dungeon
  1302 | D:5      | Found the +8 lance "Wyrmbane" {slay drac, rPois rF+ rC+
                  | AC+3}
  1381 | D:4      | Reached skill level 1 in Polearms
  1381 | D:4      | Reached XP level 4. HP: 23/24 MP: 10/10
  1405 | D:4      | Gained mutation: Your mind is acute. (Int +4, Str/Dex -1)
                  | [potion of mutation]
  1405 | D:4      | Gained mutation: You are frail. (-10% HP) [potion of
                  | mutation]
  1409 | D:4      | Slain by an iguana

Illustrated notes

Levels and vault maps discovered:
D:1:      amcnicky_arrival_gap_in_the_tavern_cellar, layout_loops_ring,
          minmay_misc_feat_room
D:2:      layout_basic, serial_rivers, chequers_serial_rivers_small_3,
          chequers_serial_rivers_small_a, chequers_serial_rivers_micro_c,
          chequers_serial_rivers_micro_a, chequers_serial_rivers_micro_b,
          chequers_serial_rivers_small_3, hellmonk_ecumenical_altar_lost_god,
          uniq_sigmund
D:3:      layout_loops_ring, uniq_ijyb
D:4:      minmay_chambers_of_threes, layout_gridville,
          minmay_temple_entry_from_below_b
D:5:      minmay_clustersquares, layout_gridville, ebering_ghost_rock_garden

Skill      XL: |  1  2  3 |
---------------+----------+-----
Transmutations | 3 |  3.4
Unarmed Combat | 3 |  3.2
Polearms       | 1 |  1.1
Fighting       | |  0.7
Dodging        | |  2.4
Spellcasting   | |  3.0
Poison Magic   | |  0.6

Action                     |  1- 3 |  4- 6 || total
---------------------------+-------+-------++-------
  Melee: Unarmed           |   133 |       ||   133
         Kick              |    19 |       ||    19
         Headbutt          |    13 |       ||    13
         Punch             |     4 |       ||     4
         Lance             |     2 |     6 ||     8
         Short sword       |     1 |       ||     1
   Cast: Beastly Appendage |    18 |       ||    18
    Use: Potion            |       |     4 ||     4
   Stab: Sleeping          |     1 |       ||     1
 Armour: Robe              |    31 |     4 ||    35
         Skin              |       |     1 ||     1
  Dodge: Dodged            |    86 |     8 ||    94
